 Dungeon Crawl Stone Soup version 0.31-a0-986-g5e6e4ef867 (webtiles) character file.

Game seed: 13441679547376998052

11423 Sanktem7 the Cleaver (level 11, -1/148 HPs)
             Began as a Minotaur Fighter on Nov 10, 2023.
             Was a High Priest of Okawaru.
             Killed by divine providence
             ... invoked by a meliai
              (7 damage)
             ... on level 9 of the Dungeon.
             The game lasted 00:18:09 (10565 turns).

Sanktem7 the Cleaver (Minotaur Fighter)            Turns: 10565, Time: 00:18:10

Health: -1/148     AC: 29    Str: 25    XL:     11   Next: 49%
Magic:  10/10      EV:  2    Int:  5    God:    Okawaru [*****.]
Gold:   331        SH:  6    Dex: 10    Spells: 10/10 levels left

rFire   . . .        a - +0 war axe {axe}
rCold   . . .        c - +0 buckler
rNeg    . . .        b - melded +0 plate armour
rPois   +            (helmet currently unavailable)
rElec   .            t - melded +1 cloak
rCorr   .            (gloves currently unavailable)
SInv    .            I - melded +0 pair of boots
Will    .....        (no amulet)
Stlth   +            B - +4 ring of protection
HPRegen 0.44/turn    (no ring)
MPRegen 0.12/turn

%: no passive effects
@: tree-form
A: stationary, stasis, torment immunity, boosted hp, (horns 2), (retaliatory
headbutt)
a: Renounce Religion, Heroism, Finesse, Duel


You were on level 9 of the Dungeon.
You worshipped Okawaru.
Okawaru was extremely pleased with you.
You were a tree.
You visited 1 branch of the dungeon, and saw 9 of its levels.

You collected 473 gold pieces.
You spent 142 gold pieces at shops.


Innate Abilities, Weirdness & Mutations

You are a tree.
Your roots penetrate the ground, keeping you stationary.
You cannot be teleported.
You are immune to unholy pain and torment.
Your maximum health is greatly increased.
Your equipment is partially melded.
((You have a pair of horns on your head.))
((You reflexively headbutt those who attack you in melee.))


   Skills:
 + Level 9.9 Fighting
 * Level 13.0 Axes
 + Level 7.3 Throwing
 + Level 9.6 Armour
 + Level 9.6 Shields


You had 10 spell levels left.
You didn't know any spells.
Your spell library contained the following spells:

 Spells                   Type           Power      Damage    Failure   Level
 Sting                    Tmut/Pois      0%         1d3       52%         1
 Poisonous Vapours        Pois/Air       0%         N/A       65%         2
 Frozen Ramparts          Ice            0%         1d1       87%         3
 Olgreb's Toxic Radiance  Pois           0%         N/A       99%         4
 Petrify                  Tmut/Erth      0%         N/A       99%         4
 Metabolic Englaciation   Hex/Ice        0%         N/A       100%        5
 Discord                  Hex            0%         N/A       100%        8
 Ignition                 Fire           0%         3d3       100%        8
 Summon Small Mammal      Summ           Unusable   N/A       N/A         1
 Call Canine Familiar     Summ           Unusable   N/A       N/A         3
 Summon Guardian Golem    Hex/Summ       Unusable   N/A       N/A         3

Inventory:

Hand Weapons
 a - a +0 war axe (weapon) {axe}
 f - a +2 scimitar of flaming {long}
   (You took it off Erica on level 8 of the Dungeon)
 q - a +0 heavy shortbow {bow}
   (You took it off a centaur warrior on level 9 of the Dungeon)
 s - a +4 rapier {short}
   (You found it on level 8 of the Dungeon)
 v - a +1 demon whip of venom {mace}
   (You took it off Amaemon on level 9 of the Dungeon)
 w - a +4 mace {mace}
   (You took it off a wight on level 6 of the Dungeon)
Missiles
 e - 76 stones {throwing}
 p - 9 boomerangs (quivered) {throwing}
 r - 9 poisoned darts {throwing}
Armour
 b - a +0 plate armour (melded)
   (You took it off an orc warrior on level 7 of the Dungeon)
 c - a +0 buckler (worn)
 t - a +1 cloak (melded)
   (You took it off Crazy Yiuf on level 2 of the Dungeon)
 I - a +0 pair of boots (melded)
   (You found it on level 8 of the Dungeon)
Jewellery
 B - a +4 ring of protection (left branch)
   (You found it on level 4 of the Dungeon)
Wands
 o - a wand of flame (27)
   (You took it off Natasha on level 2 of the Dungeon)
 u - a wand of polymorph (8)
   (You found it on level 3 of the Dungeon)
 x - a wand of paralysis (7)
   (You found it on level 8 of the Dungeon)
Scrolls
 k - 2 scrolls of teleportation {@r4}
 l - 4 scrolls of vulnerability {!r!r}
 n - a scroll of immolation {!r!r}
 y - a scroll of poison {!r}
Potions
 d - a potion of might
 g - a potion of attraction {unknown}
 h - 2 potions of haste {@q3}
 i - 2 potions of enlightenment
 m - a potion of curing {@q1}
 z - 2 potions of berserk rage {!q}
 A - a potion of magic {unknown}
 C - a potion of degeneration {unknown}

Dungeon Overview and Level Annotations

Branches:
Dungeon (9/15) Zot: 26087  Temple (0/1) D:7            Lair (0/5) D:8
    Orc: D:9-12

Altars:
Ashenzari
Hepliaklqana
Okawaru
Uskayaw

Shops:
D:2 !:   D:5 !

Annotations:
D:4 3 runed translucent doors, Sanktem7's ghost, amateur DECj; horus123's ghost, amateur DsGl; jlumianski's ghost, amateur GnSh

##. #. .## ..##
..##)##..########..
#..#).##.#.....#.#
..#()##C#.###.#.#
#!##†.#'.###.'.#
..#..##.#..##.#.# #
#..#C.##.##....#.## .#
..##y##..####y###..####.#
##. #. .###...♣.##......#
# .# .###.#####.##.....#
## ####.#.....#.##.#..#
#.#..###[.#.#.#>.#
#.#.#...#.#.#.#..#
+.#.#.#.#.#.'.#..#
#.#.#...#.#.#.#..#
#.#..###..#.#....#
###+####.#.....#.##....#


You could see a cyclops and a meliai.


Message History

You kill the two-headed ogre!
Okawaru is honoured by your kill. Okawaru grants you throwing weapons!
Something appears at your feet!
The centaur warrior shoots an arrow.
The arrow hits you!
* * * LOW HITPOINT WARNING * * *
😨 HP[-10]
You take 10 damage, and now have 26/99 hp.
The centaur warrior unwields a +0 heavy shortbow.
The centaur warrior hits you.
* * * LOW HITPOINT WARNING * * *
You block the centaur warrior's attack.
Things that are here:
a +0 shortbow {bow}; a centaur corpse; 😱 HP[-5]
You take 5 damage, and now have 21/99 hp.
You slash the centaur warrior! The centaur warrior hits you!
* * * LOW HITPOINT WARNING * * *
The centaur warrior barely misses you. 😱 HP[-7]
You take 7 damage, and now have 14/99 hp.
You slash the centaur warrior!
Your headbutt misses the centaur warrior.
The centaur warrior hits you.
* * * LOW HITPOINT WARNING * * *
You block the centaur warrior's attack. The centaur warrior hits you.
* * * LOW HITPOINT WARNING * * *
The centaur warrior kicks you but does no damage. 😱 HP[-4]
You take 4 damage, and now have 10/99 hp.
You feel much better. The centaur warrior hits you.
* * * LOW HITPOINT WARNING * * *
The centaur warrior closely misses you. 😨 HP[+16]
You regained 16 hp, and now have 26/99 hp.
You barely miss the centaur warrior. You headbutt the centaur warrior!
You block the centaur warrior's attack.
The centaur warrior kicks you but does no damage.
You slash the centaur warrior! You block the centaur warrior's attack.
The centaur warrior kicks you.
* * * LOW HITPOINT WARNING * * *
The centaur warrior hits you.
* * * LOW HITPOINT WARNING * * *
The centaur warrior kicks you but does no damage. 😱 HP[-5]
You take 5 damage, and now have 21/99 hp.
You hit the centaur warrior.
Your headbutt misses the centaur warrior.
The centaur warrior hits you but does no damage.
The centaur warrior kicks you but does no damage. 😱 HP[+1]
You closely miss the centaur warrior. The centaur warrior barely misses you.
You furiously retaliate!
You headbutt the centaur warrior!
You kill the centaur warrior!
Okawaru is honoured by your kill.
Your Axes skill increases to level 13!
You slice the howler monkey!!
The howler monkey hoots and howls with incredible vigour!
You hear an angry buzzing noise. x4; You hear a shout! x3
You hear an angry buzzing noise.
You hear a shout! x2
You slash the howler monkey!
You kill the howler monkey!
Okawaru accepts your kill.
You hear an angry buzzing noise. 😱 HP[+1]
q - a +0 heavy shortbow {bow} You see here a howler monkey corpse.
A cyclops comes into view. 😨 HP[+3]
You regained 3 hp, and now have 26/99 hp.
A cyclops is nearby!
A cyclops is nearby!
You completely miss the cyclops. The cyclops hits you!!
* * * LOW HITPOINT WARNING * * *
You hear an angry buzzing noise. 😱 HP[-21]
You take 21 damage, and now have 5/99 hp.
MASSIVE DAMAGE!! (PAUSE)
You completely miss the cyclops.
You hear a roar!
A meliai comes into view.
It is wielding a +2 hand axe of flaming and wearing the +0 fire dragon scales "Zamonn" {rF++ rC- rCorr}.
The cyclops hits you but does no damage. 😱 HP[+1]
You see here a howler monkey corpse.
The cyclops throws a large rock.
You block the large rock. 😱 HP[+1]
There is an open door here. 😱 HP[+1]
There is an open door here.
You turn into a tree.
Your +1 cloak melds into your body.
Your +0 pair of boots melds into your body.
Your +0 plate armour melds into your body.
Your roots penetrate the ground.
The meliai hits you with a +2 hand axe of flaming.
* * * LOW HITPOINT WARNING * * *
The meliai burns you.
* * * LOW HITPOINT WARNING * * *
The meliai stings you but does no damage.
The meliai mumbles some strange prayers to its god against you.
Something smites you!
You die...

Skill      XL: |  1  2  3  4  5  6  7  8  9 10 11 |
---------------+----------------------------------+-----
Axes           | 3 4 5 6 8 10 12 13 | 13.0
Fighting       | 4 5 6 8 9 |  9.9
Armour         | 4 5 6 7 9 |  9.6
Shields        | 4 5 6 7 9 |  9.6
Throwing       | 1 2 3 4 5 6 7 |  7.3

Action                     |  1- 3 |  4- 6 |  7- 9 | 10-12 || total
---------------------------+-------+-------+-------+-------++-------
  Melee: War axe           |    43 |    98 |   312 |   291 ||   744
         Headbutt          |     5 |    12 |    46 |    52 ||   115
  Throw: Dart              |       |       |       |     2 ||     2
 Invoke: Heroism           |       |       |       |     1 ||     1
    Use: Scroll            |       |       |    11 |     6 ||    17
         Potion            |       |       |     2 |     3 ||     5
 Armour: Scale mail        |    14 |    82 |     6 |       ||   102
         Chain mail        |       |       |   226 |    29 ||   255
         Plate armour      |       |       |       |   305 ||   305
         Skin              |       |       |       |     2 ||     2
  Dodge: Dodged            |    19 |    62 |   117 |    95 ||   293
  Block: Buckler           |     7 |    20 |    69 |   111 ||   207

Levels and vault maps discovered:
D:1:      shiori_shiawase, layout_basic, minmay_misc_feat_five,
          chequers_serial_rivers_small_a, grunt_decor_arrowhead
D:2:      layout_basic, serial_shops, nicolae_shop_crystal,
          nicolae_shop_vocational, uniq_natasha, uniq_terence,
          uniq_crazy_yiuf_cottage
D:3:      layout_basic, okawaru_trees_2, uniq_grinder, uniq_robin, uniq_jessica
D:4:      layout_basic, nzn_hepliaklqana_mist_gate, gammafunk_ghost_cemetery,
          minmay_misc_feat_secret_circle, hangedman_decor_diamond_cutter,
          minmay_bisected
D:5:      layout_gridville, serial_shops, shop, sigmund_army, uniq_sigmund
D:6:      layout_basic, nicolae_uskayaw_suspiria, serial_glass, glass_columns_b,
          glass_columns_a, uniq_pikel
D:7:      layout_loops_cross, ashenzari_altar_1, minmay_temple_entry_mist,
          dk_noncrumbling_3, kennysheep_pointless_box, uniq_joseph
D:8:      layout_layer_cave, due_lair_maze_entry_diamond, minivault_22,
          minmay_crystal_room, uniq_erica, uniq_prince_ribbit1
D:9:      minmay_the_grid_octo_tiled_squarecenter
          [minmay_the_grid_octo_pinwheel, minmay_the_grid_octo_clover,
          minmay_the_grid_octo_concentric, minmay_the_grid_octo_checkerflower,
          minmay_the_grid_square_5x5_megaprize_crossed,
          minmay_the_grid_square_5x5_detours,
          minmay_the_grid_square_5x5_inner_i,
          minmay_the_grid_square_5x5_one_wall, minmay_the_grid_square_5x5_bite],
          layout_long_grid, mainiacjoe_overflow_surrounded_room,
          grunt_temple_overflow_diamond, uniq_amaemon

Notes
Turn   | Place    | Note
-------+----------+-------------------------------------------
     0 | D:1      | Sanktem7 the Minotaur Fighter began the quest for the Orb.
     0 | D:1      | Reached XP level 1. HP: 19/19 MP: 0/0
     0 | D:1      | magus.rc [v1.9.6]
   443 | D:1      | Reached XP level 2. HP: 27/27 MP: 1/1
   487 | D:1      | Reached skill level 3 in Axes
   706 | D:2      | Noticed Natasha
   710 | D:2      | Killed Natasha
   711 | D:2      | Reached skill level 4 in Fighting
   711 | D:2      | Reached skill level 4 in Armour
   711 | D:2      | Reached skill level 4 in Shields
   711 | D:2      | Reached XP level 3. HP: 33/33 MP: 2/2
   860 | D:2      | Noticed Terence
   866 | D:2      | Killed Terence
   867 | D:2      | Reached XP level 4. HP: 36/40 MP: 3/3
   890 | D:2      | Noticed Natasha
   895 | D:2      | Killed Natasha
   896 | D:2      | Reached skill level 4 in Axes
   978 | D:2      | Noticed Natasha
   986 | D:2      | Killed Natasha
   987 | D:2      | Reached skill level 1 in Throwing
  1118 | D:2      | Found Vewaffui's Vocational Training.
  1125 | D:2      | Reached XP level 5. HP: 47/47 MP: 4/4
  1281 | D:2      | Found Zestofow's Distillery.
  1285 | D:2      | Bought a potion of heal wounds for 70 gold pieces
  1313 | D:2      | Found a runed translucent door.
  1314 | D:2      | Noticed Crazy Yiuf
  1753 | D:2      | Killed Crazy Yiuf
  1895 | D:3      | You pick up a book of Sloth and begin reading...
  1895 | D:3      | You add the spells Frozen Ramparts, Petrify and Metabolic
                  | Englaciation to your library.
  1934 | D:3      | Noticed Grinder
  1934 | D:3      | Noticed Jessica
  1934 | D:3      | Noticed Robin
  1946 | D:3      | Killed Robin
  1959 | D:3      | Killed Jessica
  1965 | D:3      | Paralysed by Grinder for 3 turns
  1968 | D:3      | Killed Grinder
  1969 | D:3      | Reached skill level 5 in Fighting
  1969 | D:3      | Reached skill level 5 in Axes
  1969 | D:3      | Reached skill level 2 in Throwing
  1969 | D:3      | Reached skill level 5 in Armour
  1969 | D:3      | Reached skill level 5 in Shields
  1969 | D:3      | Reached XP level 6. HP: 15/56 MP: 5/5
  2127 | D:3      | Found an iron altar of Okawaru.
  2143 | D:3      | Became a worshipper of Warmaster Okawaru
  2673 | D:4      | Reached XP level 7. HP: 61/61 MP: 6/6
  2876 | D:4      | Found a hazy altar of Hepliaklqana.
  2994 | D:4      | You add the spells Sting, Poisonous Vapours and Olgreb's
                  | Toxic Radiance to your library.
  3344 | D:4      | Reached skill level 6 in Axes
  3364 | D:4      | Found a runed translucent gate.
  3364 | D:4      | Found a runed translucent gate.
  3367 | D:4      | Found a runed translucent gate.
  3370 | D:4      | Noticed Sanktem7's ghost (amateur DECj)
  3370 | D:4      | Noticed jlumianski's ghost (amateur GnSh)
  3370 | D:4      | Noticed horus123's ghost (amateur DsGl)
  3679 | D:5      | Entered Level 5 of the Dungeon
  3749 | D:5      | Noticed Sigmund
  3756 | D:5      | Killed Sigmund
  3757 | D:5      | Reached skill level 3 in Throwing
  3836 | D:5      | Reached * piety under Okawaru
  3837 | D:5      | Reached XP level 8. HP: 70/70 MP: 7/7
  3934 | D:5      | Reached skill level 7 in Axes
  3985 | D:5      | Found Hoqap's Distillery.
  3994 | D:5      | Bought a potion of curing for 36 gold pieces
  3994 | D:5      | Bought a potion of curing for 36 gold pieces
  4079 | D:5      | Reached skill level 6 in Fighting
  4084 | D:5      | Reached skill level 6 in Armour
  4271 | D:5      | Reached skill level 6 in Shields
  4685 | D:6      | Reached skill level 8 in Axes
  4690 | D:6      | Reached skill level 4 in Throwing
  4955 | D:6      | Reached XP level 9. HP: 62/78 MP: 8/8
  4971 | D:6      | Reached ** piety under Okawaru
  4972 | D:6      | Reached skill level 7 in Fighting
  4984 | D:6      | Identified the +1 hand axe of Due Proportion {drain, rC-
                  | rN+++ Will+ SInv}
  5152 | D:6      | Reached skill level 9 in Axes
  5277 | D:6      | Reached skill level 7 in Armour
  5280 | D:6      | Reached skill level 7 in Shields
  5326 | D:6      | Noticed Pikel
  5345 | D:6      | Killed Pikel
  5560 | D:6      | You pick up a book of Callings and begin reading...
  5604 | D:6      | Found a hide-covered altar of Uskayaw.
  5978 | D:7      | Reached skill level 5 in Throwing
  6087 | D:7      | Reached skill level 10 in Axes
  6099 | D:7      | Found a staircase to the Ecumenical Temple.
  6113 | D:7      | HP: 17/81 [orc priest/divine providence (12)]
  6118 | D:7      | HP: 3/81 [orc priest/divine providence (16)]
  6147 | D:7      | HP: 20/81 [orc priest/divine providence (12)]
  6361 | D:7      | Reached skill level 8 in Fighting
  6727 | D:7      | Found a broken altar of Ashenzari.
  6767 | D:7      | Reached *** piety under Okawaru
  6892 | D:7      | Noticed Joseph
  6905 | D:7      | Killed Joseph
  6906 | D:7      | Reached XP level 10. HP: 65/88 MP: 9/9
  7404 | D:8      | Reached skill level 8 in Armour
  7405 | D:8      | Reached skill level 8 in Shields
  7406 | D:8      | Noticed Erica
  7807 | D:8      | Found a staircase to the Lair.
  7839 | D:8      | HP: 21/90 [poisoned by a water moccasin]
  7844 | D:7      | HP: 9/90 [poisoned by a water moccasin]
  7850 | D:7      | HP: 17/90 [water moccasin (2)]
  7855 | D:7      | Reached skill level 11 in Axes
  8065 | D:8      | Reached **** piety under Okawaru
  8111 | D:8      | Killed Erica
  8112 | D:8      | Reached skill level 6 in Throwing
  8307 | D:8      | Noticed Prince Ribbit
  8322 | D:8      | Killed Prince Ribbit
  8419 | D:8      | Identified the +2 ring mail of Past Mistakes {+Inv Dex+3}
  8646 | D:8      | You add the spells Ignition and Discord to your library.
  8804 | D:8      | Reached skill level 9 in Fighting
  8962 | D:8      | Noticed a two-headed ogre
  8970 | D:8      | Killed a two-headed ogre
  9646 | D:9      | Noticed Amaemon
  9646 | D:9      | Noticed an orange demon
  9653 | D:8      | Killed an orange demon
  9654 | D:8      | Reached skill level 12 in Axes
  9654 | D:8      | Reached skill level 9 in Armour
  9654 | D:8      | Reached skill level 9 in Shields
  9745 | D:9      | Killed Amaemon
  9746 | D:9      | Reached XP level 11. HP: 60/97 MP: 7/10
 10207 | D:9      | Noticed a two-headed ogre
 10219 | D:9      | Killed a two-headed ogre
 10219 | D:9      | Reached ***** piety under Okawaru
 10220 | D:9      | Reached skill level 7 in Throwing
 10515 | D:9      | Noticed a two-headed ogre
 10516 | D:9      | Noticed a centaur warrior
 10532 | D:9      | Killed a two-headed ogre
 10532 | D:9      | Received a gift from Okawaru
 10533 | D:9      | HP: 21/99 [centaur warrior (6)]
 10535 | D:9      | HP: 10/99 [centaur warrior (3)]
 10540 | D:9      | Killed a centaur warrior
 10541 | D:9      | Reached skill level 13 in Axes
 10554 | D:9      | HP: 5/99 [cyclops (22)]
 10555 | D:9      | Identified the +0 fire dragon scales "Zamonn" {rF++ rC-
                  | rCorr}
 10565 | D:9      | HP: 7/148 [meliai/+2 hand axe of flaming (6)]
 10565 | D:9      | Killed from afar by a meliai

Vanquished Creatures
  A centaur warrior (D:9)
  3 two-headed ogres
  Erica (D:8)
  Amaemon (D:9)
  Pikel (D:6)
  Joseph (D:7)
  An orange demon (D:8)
  A troll (D:9)
  A hornet (D:9)
  Prince Ribbit (D:8)
  Grinder (D:3)
  A shadow (D:8)
  Sigmund (D:5)
  4 yaks
  A wraith (D:9)
  2 wyverns (D:9)
  An acid dragon (D:9)
  6 water moccasins
  3 ice beasts
  3 orc warriors
  2 black bears (D:8)
  An ogre (D:5)
  2 phantoms
  4 lemures (D:6)
  A centaur (D:9)
  6 bullfrogs
  A kobold brigand (D:9)
  A gnoll sergeant (D:6)
  3 scorpions
  6 wights
  9 killer bees
  10 howler monkeys
  An electric eel (D:7)
  5 jellies
  Crazy Yiuf (D:2)
  A hound (D:4)
  2 gnoll boudas
  4 orc priests
  Jessica (D:3)
  An iguana (D:6)
  Terence (D:2)
  5 orc wizards
  Natasha (thrice) (D:2)
  Robin (D:3)
  15 gnolls
  9 adders
  A shadow imp (D:7)
  4 ufetubi
  3 worms
  4 dart slugs
  38 orcs
  6 endoplasms
  4 giant cockroaches
  16 goblins
  9 hobgoblins
  4 jackals
  2 quokkas
  8 ball pythons
  5 bats
  2 frilled lizards
  11 kobolds
  3 rats (D:1)
251 creatures vanquished.

Vanquished Creatures (others)
  A kobold brigand (D:9)
1 creature vanquished.

Grand Total: 252 creatures vanquished

Table legend:
 A = Non-vault XP
 B = Vault XP
 C = Vault XP percentage of total XP
 D = Non-vault monster count
 E = Vault monster count
 F = Vault count percentage of total count
                 A         B        C        D         E       F
            +---------+---------+-------+---------+---------+-------
      Total |    6460 |    9859 |  60.4 |     191 |      57 |  23.0
            +---------+---------+-------+---------+---------+-------
        D:1 |      27 |       0 |   0.0 |      17 |       0 |   0.0
        D:2 |     121 |     113 |  48.3 |      22 |       3 |  12.0
        D:3 |      90 |     336 |  78.9 |      18 |      14 |  43.8
        D:4 |     289 |      11 |   3.7 |      14 |       4 |  22.2
        D:5 |     683 |     229 |  25.1 |      18 |       4 |  18.2
        D:6 |    1564 |     641 |  29.1 |      26 |       1 |   3.7
        D:7 |    1221 |     854 |  41.2 |      38 |       3 |   7.3
        D:8 |    2070 |    2565 |  55.3 |      32 |      12 |  27.3
        D:9 |     395 |    5110 |  92.8 |       6 |      16 |  72.7
            +---------+---------+-------+---------+---------+-------

Skill      XL: |  1  2  3  4  5  6  7  8  9 10 11 |
---------------+----------------------------------+-----
Axes           | 3 4 5 6 8 10 12 13 | 13.0
Fighting       | 4 5 6 8 9 |  9.9
Armour         | 4 5 6 7 9 |  9.6
Shields        | 4 5 6 7 9 |  9.6
Throwing       | 1 2 3 4 5 6 7 |  7.3

Action                     |  1- 3 |  4- 6 |  7- 9 | 10-12 || total
---------------------------+-------+-------+-------+-------++-------
  Melee: War axe           |    43 |    98 |   312 |   291 ||   744
         Headbutt          |     5 |    12 |    46 |    52 ||   115
  Throw: Dart              |       |       |       |     2 ||     2
 Invoke: Heroism           |       |       |       |     1 ||     1
    Use: Scroll            |       |       |    11 |     6 ||    17
         Potion            |       |       |     2 |     3 ||     5
 Armour: Scale mail        |    14 |    82 |     6 |       ||   102
         Chain mail        |       |       |   226 |    29 ||   255
         Plate armour      |       |       |       |   305 ||   305
         Skin              |       |       |       |     2 ||     2
  Dodge: Dodged            |    19 |    62 |   117 |    95 ||   293
  Block: Buckler           |     7 |    20 |    69 |   111 ||   207

Illustrated notes

Table legend:
 A = Kills in this place as a percentage of kills in the entire game.
 B = Kills by you in this place as a percentage of kills by you in the entire game.
 C = Kills by friends in this place as a percentage of kills by friends in the entire game.
 D = Other kills in this place as a percentage of other kills in the entire game.
 E = Experience gained in this place as a percentage of experience gained in the entire game.
 F = Experience gained in this place divided by the number of levels of this place that you have seen.
                   A       B       C       D       E      F
               +-------+-------+-------+-------+-------+----------------------
         Total | 100.0 | 100.0 |   N/A | 100.0 | 100.0 | 1813.2
       Dungeon | 100.0 | 100.0 |   N/A | 100.0 | 100.0 | 1813.2
               +-------+-------+-------+-------+-------+----------------------

Table legend: (Time is in decaauts)
 A = Elapsed time spent in this place.
 B = Non-inter-level travel time spent in this place.
 C = Inter-level travel time spent in this place.
 D = Time resting spent in this place.
 E = Time spent auto-exploring this place.
 F = Levels seen in this place.
 G = Mean time per level.
                   A        B        C        D        E       F      G
               +--------+--------+--------+--------+--------+-----+--------+
         Total |  10636 |  10377 |    259 |   1013 |   7710 |   9 | 1181.8 |
       Dungeon |  10636 |  10377 |    259 |   1013 |   7710 |   9 | 1181.8 |
               +--------+--------+--------+--------+--------+-----+--------+

Top non-repeatable levels by time:
     D:8: 1914 daAuts
     D:7: 1810 daAuts
     D:6: 1508 daAuts
     D:2: 1182 daAuts
     D:4: 1176 daAuts
     D:5: 986 daAuts
     D:3: 700 daAuts
     D:9: 680 daAuts
     D:1: 676 daAuts
